Map: Waterfall

Players

Rengen

  • Race: Protoss Protoss
  • Spawn Location: 7:00

trigger - Winner!

  • Race: Protoss Protoss
  • Spawn Location: 1:00

Event: DreamHack SC2 Masters 2022 Atlanta (Offline)

VOD

Have the link to the VOD?

Description

Time

  • Played on: Nov. 18, 2022, 10:01 a.m.
  • Length: 10:14

All games in this series

Show
View Real Time Build Order
Export as new Build Order

Rengen Protoss 

Build Orders: Blink Stalkers 

Get SALT Encoding   

  12  0:00  Probe  
  13  0:12  Probe  
  14  0:17  Pylon  
  14  0:24  Probe (Chrono Boost)  
  15  0:36  Probe (Chrono Boost)  
  15  0:37  Gateway  
  16  0:44  Probe (Chrono Boost)  
  16  0:46  Assimilator  
  17  0:51  Probe  
  17  0:55  Assimilator  
  18  1:03  Probe  
  19  1:16  Gateway  
  19  1:17  Probe (Chrono Boost)  
  20  1:26  Cybernetics Core  
  20  1:28  Probe (Chrono Boost)  
  21  1:33  Probe  
  21  1:36  Pylon  
  22  1:46  Probe  
  23  1:52  Pylon  
  23  2:04  Stalker  
  23  2:06  Stalker  
  23  2:08  Warp Gate (Chrono Boost)  
  26  2:20  Probe  
  26  2:42  Nexus  
  26  2:48  Sentry  
  30  2:55  Shield Battery  
  28  3:00  Pylon  
  28  3:05  Probe  
  29  3:18  Probe  
  30  3:20  Twilight Council  
  30  3:30  Probe  
  31  3:36  Pylon  
  31  3:43  Probe  
  32  3:49  Blink (Chrono Boost)  
  32  3:54  Probe (Chrono Boost)  
  34  3:59  Probe (Chrono Boost)  
  34  4:05  Probe (Chrono Boost)  
  34  4:06  Gateway  
  34  4:09  Sentry, Probe (Chrono Boost)  
  38  4:10  Probe (Chrono Boost)  
  39  4:19  Probe  
  39  4:20  Probe  
  42  4:31  Probe  
  42  4:32  Probe  
  42  4:37  Nexus  
  43  4:43  Probe  
  43  4:44  Sentry  
  43  4:45  Probe  
  47  4:52  Stalker  
  49  4:55  Probe  
  49  4:57  Probe  
  51  5:00  Pylon  
  51  5:02  Stalker  
  51  5:06  Shield Battery  
  53  5:07  Probe  
  53  5:09  Probe  
  53  5:13  Pylon  
  55  5:16  Pylon  
  55  5:20  Stalker  
  55  5:33  Stalker x2  
  51  5:44  Probe  
  51  5:45  Stalker  
  51  5:47  Probe  
  54  5:52  Gateway  
  54  5:53  Gateway  
  54  5:54  Assimilator  
  54  5:56  Probe  
  53  5:58  Stalker x2  
  57  6:05  Probe  
  57  6:07  Pylon  
  58  6:12  Stalker  
  60  6:23  Stalker x2  
  62  6:26  Probe x2  
  64  6:34  Gateway  
  64  6:37  Gateway, Stalker  
  66  6:46  Stalker x2  
  70  6:52  Robotics Facility  
  70  6:58  Stalker x2  
  74  7:01  Pylon  
  74  7:02  Stalker  
  74  7:08  Pylon  
  76  7:11  Stalker  
  78  7:17  Pylon  
  78  7:25  Nexus  
  78  7:31  Sentry  
  78  7:32  Stalker  
  78  7:35  Shield Battery  
  78  7:36  Pylon  
  82  7:39  Observer (Chrono Boost)  
  82  7:43  Probe x2  
  85  7:47  Forge  
  85  7:51  Stalker  
  85  7:54  Observer (Chrono Boost), Stalker  
  85  7:55  Probe  
  85  7:57  Probe  
  92  8:06  Sentry, Robotics Bay  
  92  8:08  Probe  
  92  8:09  Probe, Stalker  
  98  8:18  Pylon  
  98  8:20  Probe  
  98  8:22  Stalker  
  101  8:33  Stalker x2  
  103  8:34  Stalker  
  105  8:45  Stalker x2  
  103  8:53  Stalker  
  99  8:58  Zealot x2  
  99  9:01  Stalker  
  98  9:06  Stalker  
  96  9:12  Stalker  
  82  9:19  Stalker  
  76  9:24  Stalker  
  76  9:29  Zealot x3  
  82  9:32  Probe  
  80  9:43  Stalker  
  78  9:45  Stalker  
  78  9:50  Stalker  
  80  9:54  Stalker  
  81  10:00  Stalker  
  81  10:02  Probe  
  77  10:10  Stalker  
Show
View Real Time Build Order
Export as new Build Order

trigger Protoss - Winner!

Build Orders: Oracle Opening, Blink Stalkers 

Get SALT Encoding   

  12  0:00  Probe  
  13  0:12  Probe  
  14  0:19  Pylon  
  14  0:25  Probe  
  15  0:37  Probe (Chrono Boost)  
  15  0:38  Gateway  
  16  0:46  Probe (Chrono Boost), Assimilator  
  17  0:51  Probe (Chrono Boost)  
  18  1:04  Probe (Chrono Boost)  
  19  1:05  Assimilator  
  19  1:07  Pylon  
  19  1:13  Probe (Chrono Boost)  
  19  1:18  Probe  
  21  1:28  Cybernetics Core  
  21  1:30  Probe  
  21  1:31  Zealot  
  24  1:42  Probe  
  25  1:54  Probe  
  26  2:05  Stargate  
  26  2:07  Probe  
  27  2:10  Stalker  
  29  2:18  Warp Gate  
  29  2:28  Nexus  
  29  2:35  Pylon  
  28  2:41  Shield Battery  
  28  2:47  Oracle (Chrono Boost)  
  31  2:54  Probe  
  32  3:00  Stalker  
  34  3:06  Probe  
  35  3:14  Gateway  
  35  3:19  Probe  
  36  3:27  Twilight Council  
  36  3:31  Probe  
  37  3:41  Probe (Chrono Boost)  
  38  3:54  Probe (Chrono Boost)  
  37  3:56  Probe (Chrono Boost)  
  37  3:58  Gateway, Blink (Chrono Boost)  
  37  4:01  Probe x2 (Chrono Boost)  
  39  4:08  Adept  
  41  4:11  Adept  
  41  4:15  Probe  
  41  4:16  Probe  
  45  4:24  Pylon  
  45  4:28  Probe x2  
  45  4:29  Stalker  
  49  4:33  Stalker  
  51  4:40  Probe x2  
  51  4:45  Robotics Facility  
  53  4:52  Probe  
  54  4:55  Stalker x2  
  58  5:01  Stalker  
  58  5:04  Probe x2  
  62  5:08  Pylon  
  62  5:20  Nexus  
  62  5:35  Stalker x3  
  68  5:37  Probe  
  67  5:45  Probe  
  68  5:50  Probe  
  68  5:52  Pylon  
  68  5:53  Assimilator  
  67  5:57  Probe  
  67  6:02  Probe  
  68  6:04  Observer (Chrono Boost)  
  68  6:09  Stalker  
  68  6:10  Probe, Pylon  
  71  6:14  Probe  
  72  6:22  Probe (Chrono Boost)  
  72  6:23  Stalker x2  
  77  6:29  Probe (Chrono Boost)  
  77  6:30  Observer (Chrono Boost), Forge  
  77  6:32  Probe (Chrono Boost)  
  80  6:35  Stalker  
  80  6:38  Probe (Chrono Boost)  
  84  6:42  Probe (Chrono Boost)  
  84  6:43  Probe (Chrono Boost)  
  84  6:44  Gateway  
  84  6:46  Probe (Chrono Boost), Gateway  
  85  6:48  Gateway  
  85  6:49  Stalker x2  
  85  6:50  Pylon  
  90  6:58  Protoss Ground Weapons Level 1 (Chrono Boost)  
  90  6:59  Stalker  
  90  7:03  Shield Battery  
  90  7:05  Probe  
  92  7:10  Immortal  
  92  7:14  Assimilator  
  95  7:17  Stalker  
  95  7:18  Shield Battery x2, Zealot  
  95  7:21  Pylon  
  99  7:28  Stalker  
  101  7:32  Pylon  
  101  7:35  Pylon  
  101  7:43  Stalker x3  
  107  7:44  Stalker  
  109  7:54  Probe x2  
  111  8:05  Nexus, Probe  
  111  8:06  Photon Cannon, Stalker  
  111  8:07  Stalker x2  
  111  8:09  Probe, Pylon  
  118  8:15  Probe  
  118  8:17  Probe, Assimilator  
  120  8:21  Stalker x2  
  120  8:26  Probe  
  125  8:34  Stalker x4  
  133  8:46  Stalker x2  
  133  8:48  Shield Battery  
  137  8:49  Photon Cannon  
  137  8:51  Probe, Pylon  
  134  9:00  Stalker x4  
  140  9:14  Stalker x2  
  140  9:15  Probe  
  140  9:16  Probe  
  142  9:23  Probe  
  139  9:27  Stalker x4  
  139  9:31  Probe  
  148  9:37  Warp Prism (Chrono Boost)  
  148  9:38  Stalker x2  
  152  9:51  Stalker x4  
  154  10:02  Stalker x2  
  154  10:03  Photon Cannon  
Tags
 
Add a new tag
Caveats
  • Supply blocks, unpowered buildings, or Contaminate may cause inaccurate times.
  • Supply counts are checked every 10 seconds.